[Event "Team 45 45 League T54"]
[Site "Internet Chess Club"]
[Date "2012.10.07"]
[Round "8"]
[White "werty"]
[Black "DutchBird"]
[Result "0-1"]
[WhiteElo "1519"]
[BlackElo "1484"]
[Opening "Queen's pawn game"]
[ECO "A45"]
[Time "14:33:41"]
[TimeControl "2700+45"]

1. d4 Nf6 2. e3 g6 3. Bd3 d5 4. c3 Bg7 5. Nf3 O-O 6. O-O Nc6 7. Re1 e5 8. dxe5
Ng4 9. h3 Ngxe5 10. Nxe5 Nxe5 11. e4 Nxd3 12. Qxd3 Re8 13. Rd1 c6 14. exd5 Bf5
15. Qf3 Be4 16. Qg3 Bc2 17. Rf1 Qxd5 18. Na3 Bf5 19. Be3 b5 20. Rfd1 Qe4 21. Rd2
Be5 22. Qg5 f6 23. Qh6 Rad8 24. Rxd8 Rxd8 25. Re1 Qd5 26. Bf4 Bxf4 27. Qxf4 Qd2
28. Re8+ Kf7 29. Rxd8 Qxd8 30. Qc1 Qd3 31. Qe3 Qxe3 32. fxe3 Ke6 33. Kf2 h5 34.
Ke2 Ke5 35. Kd2 Be4 36. g3 a6 37. c4 Bg2 38. h4 Kf5 39. cxb5 cxb5 40. Ke2 Kg4
41. Kf2 Be4 42. b4 f5 {White resigns} 0-1

[Event "Team 45 45 League T54"]
[Site "Internet Chess Club"]
[Date "2012.10.08"]
[Round "8"]
[White "siddhu"]
[Black "iletrado"]
[Result "1/2-1/2"]
[WhiteElo "1844"]
[BlackElo "1783"]
[Opening "Pirc: classical system, 5.Be2"]
[ECO "B08"]
[Time "18:30:11"]
[TimeControl "2700+45"]

1. e4 d6 2. d4 Nf6 3. Nc3 g6 4. Nf3 Bg7 5. Be2 c6 6. O-O O-O 7. Re1 a6 8. e5 Nd5
9. Nxd5 cxd5 10. Bf4 dxe5 11. Bxe5 Nc6 12. Bxg7 Kxg7 13. Ne5 Qb6 14. Nxc6 bxc6
15. b3 Be6 16. Bg4 Bxg4 17. Qxg4 Qc7 18. Re5 h5 19. Rxh5 Rh8 20. Rxh8 Rxh8 21.
Qg3 Qxg3 22. hxg3 Rb8 23. f4 c5 24. Rd1 e6 25. g4 Rc8 26. dxc5 Rxc5 27. Rd2 Kf6
28. Kf2 g5 29. g3 a5 30. Re2 Rc3 31. a4 Kg6 32. Kg2 Kf6 33. Rf2 Kg6 34. Kh2 Rc7
35. Rd2 Rc3 36. Kg2 Kf6 37. Kf2 Kg6 38. Rd3 Rxc2+ 39. Ke3 Rg2 40. Kf3 Rb2 41.
Ke3 Rg2 42. Kd4 gxf4 43. gxf4 Rxg4 44. Ke5 f6+ 45. Kxe6 Rxf4 46. Rg3+ Kh5 47.
Kxd5 Kh4 48. Rc3 Kg5 49. Rc4 Rf3 50. b4 axb4 51. Rxb4 f5 52. Kc5 f4 53. a5 Ra3
54. Kb6 f3 55. a6 f2 56. Rb1 Kg4 57. a7 Kg3 58. Kb7 Kg2 59. a8=Q Rxa8 60. Kxa8
f1=Q 61. Rxf1 Kxf1 {Game drawn because neither player has mating material}
1/2-1/2

[Event "Team 45 45 League T54"]
[Site "Internet Chess Club"]
[Date "2012.10.07"]
[Round "8"]
[White "calily"]
[Black "CzwartyWymiar"]
[Result "1/2-1/2"]
[WhiteElo "1679"]
[BlackElo "1775"]
[Opening "King's Indian: fianchetto, Panno variation"]
[ECO "E63"]
[Time "02:10:44"]
[TimeControl "2700+45"]

1. Nf3 Nf6 2. g3 g6 3. Bg2 Bg7 4. d4 O-O 5. c4 d6 6. O-O Nc6 7. Nc3 a6 8. Qc2
Rb8 9. b3 Bd7 10. Bb2 b5 11. cxb5 axb5 12. Rfc1 Nb4 13. Qd2 Nfd5 14. a3 Nxc3 15.
Bxc3 Nd5 16. Bb2 Nf6 17. Ng5 h6 18. Ne4 Nxe4 19. Bxe4 f5 20. Bg2 c6 21. d5 c5
22. Bxg7 Kxg7 23. Qc3+ Kh7 24. a4 b4 25. Qd2 Qe8 26. e3 Qf7 27. Ra2 Qf6 28. Qb2
Qf7 29. Qd2 g5 30. a5 Rb7 31. Bf1 Bb5 32. Bxb5 Rxb5 33. Qd3 Rb7 34. a6 Ra7 35.
Rca1 Rfa8 36. e4 fxe4 37. Qxe4+ Kg7 38. Qd3 Qf6 39. Re1 Qc3 40. Qb1 Qf3 41. Re6
Qf7 42. Qb2+ Kh7 43. Qc2+ Kg7 44. Qb2+ Kh7 45. Qc2+ Kg7 46. Qb2+ {Game drawn by
repetition} 1/2-1/2

[Event "Team 45 45 League T54"]
[Site "Internet Chess Club"]
[Date "2012.10.07"]
[Round "8"]
[White "parrot9"]
[Black "isolani"]
[Result "1-0"]
[WhiteElo "1659"]
[BlackElo "1574"]
[Opening "Pirc: Ufimtsev-Pytel variation"]
[ECO "B07"]
[Time "12:09:51"]
[TimeControl "2700+45"]

1. e4 d6 2. d4 Nf6 3. Nc3 c6 4. f3 Nbd7 5. Be3 e5 6. Nge2 Be7 7. Qd2 Qa5 8. Nc1
O-O 9. Nb3 Qc7 10. g4 Rd8 11. g5 Nh5 12. Ne2 exd4 13. Nbxd4 Ne5 14. Ng1 g6 15.
Be2 Ng7 16. O-O-O d5 17. f4 Nc4 18. Bxc4 dxc4 19. Qf2 Qa5 20. a3 c3 21. Nge2
cxb2+ 22. Kxb2 Qxa3+ 23. Kb1 Be6 24. Nxe6 Nxe6 25. f5 Nc5 26. f6 Na4 27. Bc1
Qb4+ 28. Ka1 Bc5 29. Qh4 Bd4+ 30. Rxd4 Rxd4 31. Qh6 Qf8 32. Qxf8+ Kxf8 33. Nxd4
Nc3 34. e5 c5 35. Nf3 Rd8 36. Bb2 Rd1+ 37. Rxd1 Nxd1 38. Ba3 b6 39. Ka2 Ke8 40.
Kb3 Ne3 41. Bc1 Nd5 42. Kc4 Nc7 43. Be3 Kd7 44. Kd3 Ke6 45. Ke4 a5 46. Nd2 Na6
47. Nc4 a4 48. Nxb6 a3 49. Bc1 a2 50. Bb2 Nb4 51. Na4 Nxc2 52. Nxc5# {Black
checkmated} 1-0

[Event "Team 45 45 League T54"]
[Site "Internet Chess Club"]
[Date "2012.10.05"]
[Round "8"]
[White "pereelcoix"]
[Black "caglar"]
[Result "1-0"]
[WhiteElo "1338"]
[BlackElo "1467"]
[Opening "Ruy Lopez: Schliemann defense"]
[ECO "C63"]
[Time "14:13:36"]
[TimeControl "2700+45"]

1. e4 e5 2. Nf3 Nc6 3. Bb5 f5 4. d3 fxe4 5. dxe4 Nf6 6. O-O Bc5 7. Nc3 d6 8.
Bxc6+ bxc6 9. Qd3 O-O 10. Qc4+ Kh8 11. Nxe5 Bxf2+ 12. Rxf2 dxe5 13. Qxc6 Rb8 14.
Be3 Rxb2 15. Rd1 Qe8 16. Qxc7 Qg6 17. Rd8 Re8 18. Qxc8 h6 19. Rxe8+ Qxe8 20.
Qxe8+ Nxe8 21. Rf8+ Kh7 22. Rxe8 {Black resigns} 1-0

[Event "Team 45 45 League T54"]
[Site "Internet Chess Club"]
[Date "2012.10.04"]
[Round "8"]
[White "badmove"]
[Black "LazyPeon"]
[Result "1/2-1/2"]
[WhiteElo "1790"]
[BlackElo "1835"]
[Opening "Benoni: classical with e4 and Nf3"]
[ECO "A70"]
[Time "17:24:53"]
[TimeControl "2700+45"]

1. d4 Nf6 2. c4 c5 3. d5 e6 4. Nc3 exd5 5. cxd5 d6 6. e4 g6 7. Nf3 Bg7 8. h3 O-O
9. Bd3 b5 10. Bxb5 Nxe4 11. Nxe4 Qa5+ 12. Nfd2 Qxb5 13. Nxd6 Qa6 14. N2c4 Rd8
15. Qe2 Bb7 16. Nxb7 Qxb7 17. Bf4 Qxd5 18. Rd1 Bd4 19. O-O Nc6 20. b3 Re8 21.
Qd2 Rad8 22. Be3 Qh5 23. Bxd4 Nxd4 24. Kh1 Re2 25. Qa5 Rde8 26. Ne3 Qg5 27. Rxd4
R8xe3 28. Qd8+ Qxd8 29. Rxd8+ Re8 {Game drawn by mutual agreement} 1/2-1/2

[Event "Team 45 45 League T54"]
[Site "Internet Chess Club"]
[Date "2012.10.06"]
[Round "8"]
[White "Buford-Julep"]
[Black "Helaman"]
[Result "1/2-1/2"]
[WhiteElo "1649"]
[BlackElo "1735"]
[Opening "Ruy Lopez: Berlin defense"]
[ECO "C65"]
[Time "19:00:13"]
[TimeControl "2700+45"]

1. e4 e5 2. Nf3 Nc6 3. Bb5 Nf6 4. d4 exd4 5. e5 Nd5 6. O-O Be7 7. Nxd4 O-O 8.
Nf5 a6 9. Ba4 Nb6 10. Bb3 Nxe5 11. Nxe7+ Qxe7 12. Qh5 d5 13. Nc3 c6 14. Bf4 Nec4
15. Rfe1 Qf6 16. Ne2 Bf5 {Game drawn by mutual agreement} 1/2-1/2

[Event "Team 45 45 League T54"]
[Site "Internet Chess Club"]
[Date "2012.10.03"]
[Round "8"]
[White "CKNIGHT3"]
[Black "losscause"]
[Result "1-0"]
[WhiteElo "1740"]
[BlackElo "1616"]
[Opening "QGD Slav: 4.Nc3"]
[ECO "D15"]
[Time "21:01:11"]
[TimeControl "2700+45"]

1. d4 d5 2. c4 c6 3. Nf3 Nf6 4. Nc3 a6 5. a4 e6 6. e3 Be7 7. Bd3 dxc4 8. Bxc4
Nd5 9. e4 Nxc3 10. bxc3 Nd7 11. Be3 Nf6 12. Bd3 O-O 13. O-O c5 14. Bc2 cxd4 15.
cxd4 b5 16. axb5 Bb7 17. bxa6 Bxa6 18. Bd3 Bb7 19. Qc2 Qc8 20. Rxa8 Qxc2 21.
Rxf8+ Bxf8 22. Bxc2 Nxe4 23. Rb1 Bd5 24. Rb8 f6 25. Nd2 f5 26. f3 Nf6 27. Nb3
Kf7 28. Nc5 Bd6 29. Rb1 h6 30. Bb3 g5 31. Bxd5 Nxd5 32. Bf2 h5 33. Rb7+ Ne7 34.
Rb1 e5 35. Re1 Ng6 36. g3 f4 37. dxe5 Bxe5 38. Ne4 g4 39. fxg4 hxg4 40. gxf4
Nxf4 41. Bg3 Nh3+ 42. Kg2 Bd4 43. Nd6+ Kg6 44. Re6+ Kh5 45. Nf7 Bg7 46. Ne5 Bh6
47. Nxg4 Bf4 48. Nf2 Ng5 49. Rf6 Bxg3 50. hxg3 Nh7 51. Rf5+ Kg6 52. g4 Kg7 53.
Ne4 Kg6 54. Kg3 Kg7 55. Ng5 Nf6 56. Rxf6 Kxf6 57. Kf4 Kg6 58. Ne4 Kf7 59. Kf5
Kg7 60. Kg5 Kf8 61. Kf6 Kg8 62. Kg6 Kh8 63. g5 Kg8 64. Nc5 Kh8 65. Kf7 Kh7 66.
g6+ Kh8 67. g7+ Kh7 68. g8=Q+ Kh6 69. Qg6# {Black checkmated} 1-0

[Event "Team 45 45 League T54"]
[Site "Internet Chess Club"]
[Date "2012.10.09"]
[Round "8"]
[White "SirIvanhoe"]
[Black "houseofcook"]
[Result "1-0"]
[WhiteElo "1555"]
[BlackElo "1432"]
[Opening "French: King's Indian attack"]
[ECO "C00"]
[Time "13:00:04"]
[TimeControl "2700+45"]

1. e4 e6 2. d3 d5 3. Nd2 c5 4. Ngf3 Nc6 5. g3 Bd6 6. Bg2 Nge7 7. O-O O-O 8. Nh4
f6 9. f4 Bd7 10. c3 b5 11. f5 Rc8 12. fxe6 Bxe6 13. Nf5 Bxf5 14. exf5 Qb6 15.
Kh1 c4 16. d4 b4 17. Rf3 a5 18. Nf1 Rcd8 19. Ne3 Bc7 20. Rf1 Rd7 21. Qe1 Ra8 22.
Nxd5 Nxd5 23. Qe6+ Rf7 24. Qxd5 Ne7 25. Qxa8+ {Black resigns} 1-0

[Event "Team 45 45 League T54"]
[Site "Internet Chess Club"]
[Date "2012.10.09"]
[Round "8"]
[White "Zugzwanged"]
[Black "SugarIslander"]
[Result "1/2-1/2"]
[WhiteElo "1669"]
[BlackElo "1661"]
[Opening "Caro-Kann: exchange, Rubinstein variation"]
[ECO "B13"]
[Time "14:03:06"]
[TimeControl "2700+45"]

1. e4 c6 2. d4 d5 3. exd5 cxd5 4. Bd3 Nc6 5. c3 Nf6 6. Bf4 Bg4 7. Qb3 Qb6 8.
Qxb6 axb6 9. Nd2 Nd7 10. Ngf3 f6 11. Bc2 e5 12. dxe5 fxe5 13. Bg3 Be7 14. O-O
O-O 15. Bb3 Be6 16. Rfe1 Bf6 17. Nf1 Bf7 18. Rad1 e4 19. Nd4 Nxd4 20. cxd4 b5
21. Ne3 Nb6 22. a3 Nc4 23. Bxc4 bxc4 24. Bd6 Rfc8 25. Bb4 Be6 26. Rf1 Re8 27. h3
g6 28. Nc2 Be7 29. Bxe7 Rxe7 30. f3 exf3 31. Rxf3 Bf5 32. Nb4 Rd8 33. g4 Be4 34.
Rf6 Rf8 35. Rdf1 Rxf6 36. Rxf6 Rf7 37. Rxf7 Kxf7 38. Kf2 Kf6 39. Kg3 g5 40. Na2
Ke6 41. Nc3 Kd6 42. h4 h6 43. hxg5 hxg5 44. Kf2 Bc2 45. Ke3 Kc6 46. Kd2 Be4 47.
Ke3 Bg2 48. Na4 b6 49. Kf2 Be4 50. Nc3 Bc2 51. Ke3 b5 52. Kd2 Bg6 53. Ke3 Bf7
54. Kf2 Be6 55. Kg3 Kb6 56. Kf3 Ka5 57. Nd1 b4 58. Nf2 c3 59. axb4+ Kxb4 60.
bxc3+ Kxc3 61. Ke3 Bd7 62. Nh3 Bxg4 63. Nxg5 Bh5 64. Ne6 Bf7 65. Nc7 Kc4 {Game
drawn by mutual agreement} 1/2-1/2

[Event "Team 45 45 League T54"]
[Site "Internet Chess Club"]
[Date "2012.10.07"]
[Round "8"]
[White "rom1"]
[Black "Timotheous"]
[Result "1/2-1/2"]
[WhiteElo "1601"]
[BlackElo "1707"]
[Opening "Benkö gambit accepted"]
[ECO "A58"]
[Time "09:00:10"]
[TimeControl "2700+45"]

1. d4 Nf6 2. c4 c5 3. d5 b5 4. cxb5 a6 5. bxa6 Bxa6 6. Nc3 g6 7. e4 Bxf1 8. Kxf1
d6 9. Nf3 Nbd7 10. g3 Bg7 11. Qe2 O-O 12. Kg2 Ng4 13. h3 Nge5 14. Nxe5 Nxe5 15.
f4 Nd7 16. Bd2 Qb6 17. Be3 Rfb8 18. Rab1 Qa5 19. Bd2 Bxc3 20. Bxc3 Qxa2 21. Ra1
Qb3 22. Ra6 Rxa6 23. Qxa6 Qb7 24. Ra1 f6 25. Qxb7 Rxb7 26. Kf3 h5 27. g4 hxg4+
28. hxg4 Kf7 29. Rh1 Kg7 30. Re1 Kf7 31. Rh1 Kg7 32. Re1 Kf7 33. Rh1 {Game drawn
by repetition} 1/2-1/2

[Event "Team 45 45 League T54"]
[Site "Internet Chess Club"]
[Date "2012.10.07"]
[Round "8"]
[White "rahulr"]
[Black "oldsj"]
[Result "0-1"]
[WhiteElo "1527"]
[BlackElo "1625"]
[Opening "King's Indian: Sämisch, 5...O-O"]
[ECO "E81"]
[Time "13:04:06"]
[TimeControl "2700+45"]

1. d4 Nf6 2. c4 g6 3. Nc3 Bg7 4. e4 d6 5. f3 O-O 6. Bd3 e5 7. d5 Nbd7 8. Be3 Nh5
9. Nge2 f5 10. exf5 gxf5 11. Qc2 Nc5 12. Bxc5 dxc5 13. Ng3 Qg5 14. Nxh5 Qxh5 15.
O-O-O Bh6+ 16. Kb1 Be3 17. h3 f4 18. Nb5 Rf7 19. d6 cxd6 20. Nxd6 Rd7 21. Nxc8
Rxc8 22. Bf5 Rxd1+ 23. Rxd1 Rf8 24. Rd7 Qxf5 25. Rxb7 Qxc2+ 26. Kxc2 Ra8 27. Kd1
Rd8+ 28. Ke1 a5 29. Rb3 Bd4 30. Rd3 a4 31. Ke2 Rb8 32. b3 axb3 33. axb3 Kf7 34.
Kd2 Ra8 35. Ke2 Ra2+ 36. Rd2 Ra1 37. Rd1 Rxd1 38. Kxd1 Kf6 39. Ke2 Kg5 40. Kf1
Kh4 41. Ke1 Kg3 {White resigns} 0-1

[Event "Team 45 45 League T54"]
[Site "Internet Chess Club"]
[Date "2012.10.04"]
[Round "8"]
[White "nanning"]
[Black "JohLeb"]
[Result "1-0"]
[WhiteElo "1675"]
[BlackElo "1423"]
[Opening "QGD Slav: 3.Nf3"]
[ECO "D11"]
[Time "15:00:47"]
[TimeControl "2700+45"]

1. d4 d5 2. c4 c6 3. Nf3 Bg4 4. Qb3 Qb6 5. Ne5 Qxb3 6. axb3 Bf5 7. Nc3 Nf6 8. e3
e6 9. Bd3 Bxd3 10. Nxd3 Nbd7 11. O-O Bd6 12. c5 Bc7 13. Bd2 O-O 14. Ne2 Ne4 15.
Be1 e5 16. f3 Nef6 17. Bg3 Rfe8 18. h3 a6 19. Rfe1 Rac8 20. b4 e4 21. fxe4 Nxe4
22. Bxc7 Rxc7 23. Nef4 Ndf6 24. Kh2 Rce7 25. Re2 Nd7 26. Rae1 f6 27. Nc1 Nf8 28.
Nb3 Ne6 29. Nxe6 Rxe6 30. Na5 R8e7 31. Nb3 f5 32. Nc1 Rg6 33. Nd3 Ng3 34. Rf2 h5
35. Ne5 Rg5 36. h4 Ne4 37. Rf3 Nd2 38. hxg5 Nxf3+ 39. gxf3 Re6 40. g6 Kf8 41.
Kh3 Ke7 42. Kh4 {Black resigns} 1-0

[Event "Team 45 45 League T54"]
[Site "Internet Chess Club"]
[Date "2012.10.04"]
[Round "8"]
[White "gareth"]
[Black "SlimeDog2"]
[Result "1-0"]
[WhiteElo "2283"]
[BlackElo "2115"]
[Opening "Richter-Veresov attack"]
[ECO "D01"]
[Time "22:06:36"]
[TimeControl "2700+45"]

1. d4 d5 2. Nc3 Nf6 3. Bg5 Nbd7 4. e3 c6 5. f4 b5 6. a3 Qa5 7. Bd3 e6 8. Nf3 Be7
9. O-O Bb7 10. f5 exf5 11. Bxf5 Rd8 12. Ne5 Nxe5 13. dxe5 Nd7 14. Bxe7 Kxe7 15.
Bxd7 Rxd7 16. Ne4 Qb6 17. Rxf7+ Kxf7 18. Qh5+ Ke7 19. Qg5+ Ke8 20. e6 Re7 21.
Nd6+ Kd8 22. Rf1 h6 23. Nf7+ Ke8 24. Qxg7 Rxe6 25. Qxh8+ Ke7 26. Kh1 c5 27. Ne5
Kd6 28. Qf8+ {Black resigns} 1-0

[Event "Team 45 45 League T54"]
[Site "Internet Chess Club"]
[Date "2012.10.08"]
[Round "8"]
[White "Matusalen"]
[Black "robertoalvarez"]
[Result "0-1"]
[WhiteElo "2159"]
[BlackElo "2292"]
[Opening "Dutch: classical variation"]
[ECO "A96"]
[Time "18:34:19"]
[TimeControl "2700+45"]

1. Nf3 f5 2. g3 Nf6 3. Bg2 e6 4. O-O d6 5. d4 Be7 6. c4 O-O 7. Nc3 a5 8. b3 Ne4
9. Bb2 Nc6 10. a3 Bf6 11. e3 Nxc3 12. Bxc3 e5 13. d5 Ne7 14. Qc2 Qe8 15. Nd2 Bd7
16. f4 e4 17. Rfd1 Bxc3 18. Qxc3 Rf6 19. Nf1 Kh8 20. Kf2 Ng8 21. Qd4 Rh6 22. h3
Qe7 23. Rac1 b6 24. Nd2 Nf6 25. Rh1 Rf8 26. Rcg1 Rg6 27. Bf1 Ng8 28. Be2 Nf6 29.
Nf1 Kg8 30. a4 Bc8 31. Nd2 Nd7 32. Rg2 Rh6 33. g4 Qh4+ 34. Kf1 Rg6 35. g5 h6 36.
Rhg1 hxg5 37. Rxg5 Rxg5 38. Rxg5 Qxh3+ 39. Kf2 Qh4+ 40. Kg2 Nf6 41. Nf1 Kf7 42.
Ng3 Rh8 43. Kf1 Rh7 {White resigns} 0-1

[Event "Team 45 45 League T54"]
[Site "Internet Chess Club"]
[Date "2012.10.07"]
[Round "8"]
[White "Pomberito"]
[Black "eurander"]
[Result "1/2-1/2"]
[WhiteElo "2103"]
[BlackElo "2113"]
[Opening "Caro-Kann defense"]
[ECO "B11"]
[Time "17:36:15"]
[TimeControl "2700+45"]

1. e4 c6 2. Nc3 d5 3. Qe2 d4 4. Nd1 e5 5. d3 Qc7 6. g3 Nf6 7. Bg2 Bg4 8. Nf3
Nbd7 9. O-O Bc5 10. h3 Bxf3 11. Qxf3 O-O-O 12. Rb1 h6 13. b4 Bd6 14. a4 g5 15.
Bd2 Rdg8 16. Qe2 Nf8 17. b5 c5 18. Nb2 Qe7 19. Nc4 h5 20. a5 h4 21. Ra1 Ne6 22.
Qf3 Rg6 23. g4 Nf4 24. a6 b6 25. Rfb1 {Game drawn by mutual agreement} 1/2-1/2

[Event "Team 45 45 League T54"]
[Site "Internet Chess Club"]
[Date "2012.10.06"]
[Round "8"]
[White "Justi"]
[Black "GuilleUrbieta"]
[Result "1-0"]
[WhiteElo "2112"]
[BlackElo "2014"]
[Opening "French: Tarrasch, Guimard main line"]
[ECO "C04"]
[Time "18:00:16"]
[TimeControl "2700+45"]

1. e4 e6 2. d4 d5 3. Nd2 Nc6 4. Ngf3 Nf6 5. e5 Nd7 6. c3 f6 7. exf6 Qxf6 8. Be2
e5 9. dxe5 Ndxe5 10. O-O Bd6 11. Nb3 Be6 12. Ng5 Bg8 13. Bh5+ g6 14. f4 Nd7 15.
Re1+ Ne7 16. Bg4 O-O-O 17. g3 Nf5 18. Be3 h5 19. Bxf5 Qxf5 20. Bd4 Nf6 21. Qb1
Rh6 22. Be5 h4 23. Qxf5+ gxf5 24. Bxd6 cxd6 25. Nd4 hxg3 26. hxg3 Ne4 27. Nxf5
Rf6 28. Ne7+ Kd7 29. Nxe4 dxe4 30. Rxe4 Be6 31. f5 Bxf5 32. Nxf5 Rxf5 33. Rf1
Rdf8 34. Rxf5 Rxf5 35. Kg2 Rd5 36. Re2 Rg5 37. Kf3 Rg7 38. g4 Rf7+ 39. Kg3 Rg7
40. Re4 Rh7 41. g5 Rh1 42. Re2 Rg1+ 43. Kf4 Rf1+ 44. Kg4 Rg1+ 45. Kf5 Rf1+ 46.
Kg6 Rg1 47. Kf6 Rf1+ 48. Kg7 Rg1 49. g6 b5 50. Kf7 Rf1+ 51. Kg8 Rg1 52. g7 a5
53. Rh2 Ke7 54. Kh7 Kf7 55. g8=Q+ Rxg8 56. Rf2+ {Black resigns} 1-0

[Event "Team 45 45 League T54"]
[Site "Internet Chess Club"]
[Date "2012.10.08"]
[Round "8"]
[White "Morovon23"]
[Black "Uwak"]
[Result "0-1"]
[WhiteElo "2328"]
[BlackElo "2484"]
[Opening "King's Indian: orthodox, Aronin-Taimanov, 9.Ne1"]
[ECO "E98"]
[Time "12:00:09"]
[TimeControl "2700+45"]

1. d4 Nf6 2. c4 g6 3. Nc3 Bg7 4. e4 d6 5. Be2 O-O 6. Nf3 e5 7. O-O Nc6 8. d5 Ne7
9. Ne1 Nd7 10. Be3 f5 11. f3 f4 12. Bf2 g5 13. Rc1 Ng6 14. c5 Nxc5 15. b4 Na6
16. Nb5 b6 17. Nd3 h5 18. Be1 Bb7 19. a4 Qd7 20. Nf2 Kh8 21. Qb3 Rfc8 22. Bd2
Nb8 23. Rc3 c6 24. Na3 Ne7 25. Rfc1 Bf6 26. Bc4 Qd8 27. Bf1 Kg7 28. g3 cxd5 29.
Rxc8 Bxc8 30. exd5 Bb7 31. Bc4 Na6 32. gxf4 gxf4 33. Kh1 Nc7 34. Rg1+ Kh8 35.
Ne4 Nf5 36. Qd3 Qe7 37. Rg6 Rf8 38. a5 Bg7 39. axb6 axb6 40. Be1 Ba8 41. Bf2 Qf7
42. Rg5 Bh6 43. Rg2 b5 44. Nxb5 Nxb5 45. Bxb5 Bxd5 46. Nc3 Be6 47. Ne4 d5 48.
Nc5 h4 49. Bc6 h3 50. Rg1 Rg8 51. Nxe6 Rxg1+ 52. Bxg1 Qg6 53. Qf1 Qxe6 54. Qxh3
e4 55. Qh5 e3 56. Qe8+ Qxe8 57. Bxe8 d4 58. b5 Bg7 59. b6 d3 60. Bb5 d2 61. Be2
Nd4 62. b7 Be5 63. Bd1 Kg8 64. Kg2 e2 {White resigns} 0-1

[Event "Team 45 45 League T54"]
[Site "Internet Chess Club"]
[Date "2012.10.05"]
[Round "8"]
[White "searchforbobby1"]
[Black "MikeA"]
[Result "0-1"]
[WhiteElo "2151"]
[BlackElo "2253"]
[Opening "Sicilian: Alapin's variation (2.c3)"]
[ECO "B22"]
[Time "20:05:53"]
[TimeControl "2700+45"]

1. e4 c5 2. c3 d6 3. d4 Nf6 4. Bd3 g6 5. f3 Bg7 6. Ne2 O-O 7. O-O Nc6 8. Kh1 Bd7
9. a3 Rc8 10. Be3 cxd4 11. cxd4 Qb6 12. Nd2 d5 13. e5 Nxe5 14. dxe5 Qxe3 15.
exf6 Bxf6 16. Nb1 Bxb2 17. Ra2 Bg7 18. f4 Rc7 19. Qd2 d4 20. Rf3 Qe6 21. Rc2
Rxc2 22. Qxc2 Rc8 23. Qb2 Bc6 24. Rf1 Qe3 25. Qd2 Rd8 26. Ng3 Bh6 27. Ne2 e5 28.
Qxe3 dxe3 29. Bc4 b5 30. Bb3 exf4 31. Kg1 g5 32. h4 gxh4 33. Nxf4 Bxf4 34. Rxf4
e2 35. Kf2 Rd1 36. Kxe2 Rxb1 37. Bxf7+ Kg7 38. Be6 Ra1 39. Rf7+ Kg6 40. Rxa7
Bxg2 41. Kf2 h3 42. Kg3 b4 43. a4 Ra3+ 44. Kh2 Kf6 45. Bg8 h5 46. Ra6+ Kg5 47.
Ra5+ Kh6 48. Be6 h4 49. Bd7 b3 50. Rb5 Bf1 51. Rb4 Ra2+ 52. Kh1 Bg2+ 53. Kg1 h2+
54. Kxh2 Bc6+ 55. Kg1 Bxd7 56. Rxb3 h3 57. Rc3 h2+ 58. Kh1 Bg4 59. Rg3 Bf5 60.
Re3 Kg5 {White resigns} 0-1

[Event "Team 45 45 League T54"]
[Site "Internet Chess Club"]
[Date "2012.10.07"]
[Round "8"]
[White "StephenHawking"]
[Black "Burning-Bush"]
[Result "1-0"]
[WhiteElo "2233"]
[BlackElo "2043"]
[Opening "Benoni defense"]
[ECO "A65"]
[Time "21:08:22"]
[TimeControl "2700+45"]

1. d4 c5 2. d5 Nf6 3. c4 e6 4. Nc3 exd5 5. cxd5 g6 6. e4 d6 7. Bd3 Bg7 8. h3 O-O
9. Nf3 Re8 10. O-O c4 11. Bc2 a6 12. a4 Nbd7 13. Qe2 Qc7 14. Be3 b6 15. Nd2 Ne5
16. f4 Nd3 17. Bxd3 cxd3 18. Qxd3 Nd7 19. Rae1 Nc5 20. Qc4 Qd7 21. e5 dxe5 22.
Bxc5 bxc5 23. Nde4 Rb8 24. Nxc5 Qa7 25. b4 Bf5 26. Ne4 exf4 27. Nd6 Rxe1 28.
Rxe1 Bf8 29. Nxf5 gxf5 30. Kh1 a5 31. Na6 Bxb4 32. Nxb8 Bxe1 33. Nc6 Qe3 34. Nd4
Bb4 35. Qc8+ Bf8 36. Nf3 Qd3 37. Qd8 Qd1+ 38. Kh2 h6 39. Qxa5 Qc2 40. Qd8 Qxa4
41. d6 Kg7 42. d7 Qd1 43. Qe8 {Black resigns} 1-0

[Event "Team 45 45 League T54"]
[Site "Internet Chess Club"]
[Date "2012.10.07"]
[Round "8"]
[White "PandorasBox"]
[Black "primerpaso"]
[Result "1-0"]
[WhiteElo "1911"]
[BlackElo "1941"]
[Opening "English: Neo-Catalan declined"]
[ECO "A14"]
[Time "17:19:33"]
[TimeControl "2700+45"]

1. c4 Nf6 2. g3 e6 3. Bg2 d5 4. Nf3 Be7 5. O-O O-O 6. cxd5 exd5 7. b3 Ne4 8. Bb2
Bf6 9. Nc3 c6 10. Qc2 Re8 11. Nxe4 dxe4 12. Ne1 Bf5 13. Bxf6 Qxf6 14. Qc3 Nd7
15. Nc2 Rad8 16. Ne3 Bg6 17. Qa5 a6 18. Qc7 Nc5 19. Rac1 Rd7 20. Qb6 Ne6 21. f4
exf3 22. Bxf3 Qg5 23. Nc4 Nd4 24. e3 Nxf3+ 25. Rxf3 h5 26. d4 Be4 27. Rf4 Bd5
28. Re1 h4 29. Rxh4 Bxc4 30. bxc4 Rxe3 31. Qb1 f5 32. Kg2 Rde7 33. Rxe3 Rxe3 34.
Qxb7 Re2+ 35. Kh3 Qd2 36. Qc8+ Kf7 37. Qxf5+ Ke7 38. Re4+ Rxe4 39. Qxe4+ Kd7 40.
Qf5+ Ke8 41. Qe5+ Kd7 42. Qxg7+ Kc8 43. Qg4+ Kb7 44. Qd7+ Kb6 45. c5+ Ka5 46.
Qxc6 Qe2 47. Qc7+ Ka4 48. Qf7 Qe4 49. d5 Qe5 50. Qf4+ {Black resigns} 1-0

[Event "Team 45 45 League T54"]
[Site "Internet Chess Club"]
[Date "2012.10.08"]
[Round "8"]
[White "oldsj"]
[Black "clarinetref"]
[Result "0-1"]
[WhiteElo "1611"]
[BlackElo "1686"]
[Opening "Sicilian: Najdorf, 7...Be7"]
[ECO "B98"]
[Time "12:04:39"]
[TimeControl "2700+45"]

1. e4 c5 2. Nf3 d6 3. d4 cxd4 4. Nxd4 Nf6 5. Nc3 a6 6. Bg5 e6 7. f4 Be7 8. Qf3
O-O 9. O-O-O Qc7 10. Bd3 Nbd7 11. g4 b5 12. f5 Nc5 13. fxe6 fxe6 14. Qh3 b4 15.
Nce2 Nfxe4 16. Bxe4 Bxg5+ 17. Kb1 Nxe4 18. Qg2 Qb7 19. Nf3 Rxf3 20. Rxd6 Nxd6
21. Rd1 Nc4 22. Rd8+ Bxd8 {White resigns} 0-1

[Event "Team 45 45 League T54"]
[Site "Internet Chess Club"]
[Date "2012.10.05"]
[Round "8"]
[White "PostMike"]
[Black "Tjet"]
[Result "1/2-1/2"]
[WhiteElo "1483"]
[BlackElo "1486"]
[Opening "Philidor: Larsen variation"]
[ECO "B07"]
[Time "14:30:20"]
[TimeControl "2700+45"]

1. e4 d6 2. d4 e5 3. Nf3 exd4 4. Nxd4 g6 5. Nc3 Bg7 6. Be3 Nf6 7. Bc4 O-O 8. O-O
a6 9. f3 b5 10. Bb3 Bb7 11. Bg5 c5 12. Ndxb5 axb5 13. Nxb5 Ba6 14. Bc4 Bxb5 15.
Bxb5 Qb6 16. c4 Na6 17. a4 Nc7 18. Qd2 Nxb5 19. cxb5 Rfd8 20. Qe2 Rd7 21. Ra3
Rb8 22. Kh1 Ne8 23. Be3 Nc7 24. b4 Ne6 25. Rd1 Nd4 26. Bxd4 Bxd4 27. bxc5 dxc5
28. Rb1 Ra7 29. Rc1 Rba8 30. Rc4 Qe6 31. Qc2 Ra5 32. Qa2 Qd6 33. g3 h5 34. Kg2
Rd8 35. Qd2 Kg7 36. Qxa5 Bb2 37. Re3 Qd1 38. Qe1 Qd6 39. Qe2 Bd4 40. Rb3 h4 41.
b6 hxg3 42. hxg3 Rh8 43. b7 Qd7 44. g4 Qc7 45. b8=Q Rh2+ 46. Kf1 Rh1+ 47. Kg2
Rh2+ 48. Kf1 Rh1+ 49. Kg2 {Game drawn by mutual agreement} 1/2-1/2

[Event "Team 45 45 League T54"]
[Site "Internet Chess Club"]
[Date "2012.10.08"]
[Round "8"]
[White "stanbeers"]
[Black "jjaillet2007"]
[Result "1-0"]
[WhiteElo "1433"]
[BlackElo "1345"]
[Opening "Queen's pawn game"]
[ECO "D02"]
[Time "20:00:22"]
[TimeControl "2700+45"]

1. d4 d5 2. Nf3 e6 3. Nc3 c5 4. e3 Nc6 5. Be2 cxd4 6. exd4 Bd6 7. O-O Nf6 8. Bg5
h6 9. Be3 O-O 10. Qc1 Ne4 11. Nxe4 dxe4 12. Nd2 f5 13. Nc4 Bc7 14. f4 Nxd4 15.
Bd1 b5 16. Ne5 Bxe5 17. fxe5 Ba6 18. Re1 Rc8 19. c3 Nc6 20. Bb3 Qe7 21. a4 Nxe5
22. axb5 Bxb5 23. Rxa7 Bd7 24. Rd1 Ra8 25. Qa1 Rxa7 26. Qxa7 Re8 27. Bd4 Nc6 28.
Qa2 Nxd4 29. cxd4 Qg5 30. Re1 Qd2 31. Rd1 Qe3+ 32. Kh1 Qf2 33. Bc4 e3 34. Qa6
Qxb2 35. h3 Qb4 36. Rf1 Qc5 37. Kh2 Qc7+ 38. Kh1 Kf7 39. Rxf5+ Ke7 40. Qa3+ Qd6
41. Rf7+ Kxf7 42. Qxd6 Re7 43. Qe5 g5 44. Qxe3 Ke8 45. Qe5 Kf7 46. Bd3 Bc6 47.
Qh8 Re8 48. Qxh6 g4 49. Bg6+ Ke7 50. Bxe8 Bxe8 51. hxg4 Kd6 52. Qf4+ Kd5 53. Kh2
Bd7 54. Qe5+ Kc4 55. Kg3 Kd3 56. Kf4 Bc6 57. g3 Bd7 58. Qd6 Bc8 59. g5 Bb7 60.
Qxe6 Kxd4 61. Qd7+ Bd5 62. g6 Kc5 63. Qxd5+ Kxd5 64. g7 Ke6 65. g8=Q+ Ke7 66.
Qg6 Kf8 67. Qa6 Kg7 68. Kg5 Kf7 {Black resigns} 1-0